 Dungeon Crawl Stone Soup version 0.29.1-1-gd02db6906a (webtiles) character file.

Game seed: 7588476207420447756

78 Kahsius the Digger (level 4, -3/24 HPs)
             Began as a Gargoyle Earth Elementalist on Oct 7, 2022.
             Slain by a scorpion (6 damage)
             ... on level 5 of the Dungeon.
             The game lasted 00:04:21 (3385 turns).

Kahsius the Digger (Gargoyle Earth Elementalist)    Turns: 3385, Time: 00:04:22

Health: -3/24      AC:  7    Str: 11    XL:     4   Next: 36%
Magic:  8/8        EV: 11    Int: 18    God:
Gold:   139        SH:  0    Dex: 10    Spells: 8/9 levels left

rFire   . . .      SeeInvis .   (no weapon)
rCold   . . .      Faith    .   (no shield)
rNeg    + . .      Spirit   .   a - +0 robe
rPois   ∞          Reflect  .   (no helmet)
rElec   +          Harm     .   (no cloak)
rCorr   .          Rampage  .   n - +0 pair of gloves
Will    .....                   e - +0 pair of boots
Stlth   ++........              (no amulet)
HPRegen 0.08/turn               (no ring)
MPRegen 0.11/turn               (no ring)

@: no status effects
A: sickness immunity, AC +3, negative energy resistance 1, electricity
resistance, torment resistance 1, petrification resistance
a: no special abilities


You were on level 5 of the Dungeon.
You visited 1 branch of the dungeon, and saw 6 of its levels.

You collected 139 gold pieces.

Inventory:

Armour
 a - a +0 robe (worn)
 e - a +0 pair of boots (worn)
 n - a +0 pair of gloves (worn)
Jewellery
 h - a ring of magical power
Wands
 l - a wand of charming (9)
Scrolls
 f - 2 scrolls of fog {unknown}
 g - 2 scrolls of vulnerability {unknown}
 k - 3 scrolls of identify {unknown}
 m - a scroll of fear {unknown}
 p - a scroll of noise {unknown}
 q - a scroll of enchant weapon {unknown}
 r - a scroll of summoning {unknown}
Potions
 b - a potion of magic
 c - 3 potions of mutation {unknown}
 d - a potion of resistance {unknown}
 i - a potion of degeneration {unknown}
 j - a potion of flight {unknown}
 o - 2 potions of curing {unknown}
 s - a potion of berserk rage {unknown}


   Skills:
 - Level 1.5 Dodging
 - Level 2.1 Stealth
 + Level 3.2 Spellcasting
 - Level 0.7 Transmutations
 + Level 5.0 Earth Magic


You had 8 spell levels left.
You knew the following spells:

 Your Spells              Type           Power      Damage    Failure   Level
a - Sandblast             Erth           42%        2d11      1%          1

Your spell library contained the following spells:

 Spells                   Type           Power      Damage    Failure   Level
 Passwall                 Tmut/Erth      10%        N/A       8%          2
 Stone Arrow              Conj/Erth      24%        3d8       17%         3
 Petrify                  Tmut/Erth      13%        N/A       43%         4


Dungeon Overview and Level Annotations

Branches:
Dungeon (6/15)
 Temple: D:4-7

Altars:
Hepliaklqana


Innate Abilities, Weirdness & Mutations

You are immune to sickness and miasma.
Your stone body is resilient. (AC +3)
You are immune to poison.
You resist negative energy. (rN+)
You are resistant to electric shocks. (rElec)
You are resistant to unholy torment.
You are immune to petrification.


Message History

The black bear attacks as you move away!
The black bear closely misses you. The black bear claws you. x2
Found a leather armour.
The iguana barely misses you.
A hound comes into view.
The iguana bites you but does no damage.
The hound barks!
The iguana closely misses you.
You see here a +0 spear.
The hound closely misses you.
Found 5 stones.
The hound closely misses you.
The scorpion stings you but does no damage.
The hound closely misses you. The scorpion attacks as you move away!
The scorpion stings you. The hound closely misses you.
The scorpion barely misses you. The hound attacks as you move away!
The hound completely misses you. The scorpion attacks as you move away!
The scorpion stings you. The hound closely misses you.
The scorpion attacks as you move away! The scorpion stings you.
The hound bites you but does no damage. The hound attacks as you move away!
The hound misses you.
The black bear attacks as you move away!
The black bear barely misses you.
The black bear claws you but does no damage.
The black bear barely misses you. The hound closely misses you.
The scorpion closely misses you. The scorpion attacks as you move away!
The scorpion barely misses you. The hound bites you.
* * * LOW HITPOINT WARNING * * *
The hound bites you but does no damage. The scorpion attacks as you move away!
The scorpion stings you but does no damage.
The scorpion barely misses you. The scorpion attacks as you move away!
The scorpion barely misses you.
The hound pauses to sniff the ground.
The hound barely misses you. The scorpion attacks as you move away!
The scorpion stings you.
* * * LOW HITPOINT WARNING * * *
The hound misses you. The scorpion stings you.
You die...

...# #.....# ...#
#.....#
...###########.....
..................
...............#+#
)..............#.#
..............l#.#
..........(..Yhh.#
###............s@#
##########+###.#
#..# ##..# #.# ..
#.. ...


You could see a black bear, an ice beast, a scorpion, an iguana and a hound.

Vanquished Creatures
  2 adders
  2 dart slugs
  6 ball pythons
  4 endoplasms
  A giant cockroach (D:1)
  9 goblins
  5 hobgoblins
  2 jackals (D:2)
  A quokka (D:1)
  4 bats
  4 frilled lizards
  6 kobolds
  7 rats
53 creatures vanquished.

Notes
Turn   | Place    | Note
-------+----------+-------------------------------------------
     0 | D:1      | Kahsius the Gargoyle Earth Elementalist began the quest for
                  | the Orb.
     0 | D:1      | Reached XP level 1. HP: 10/10 MP: 3/3
   706 | D:1      | Reached XP level 2. HP: 15/15 MP: 3/5
   707 | D:1      | Reached skill level 4 in Earth Magic
  1009 | D:1      | Found a faded altar of an unknown god.
  1569 | D:2      | Reached XP level 3. HP: 16/19 MP: 1/6
  2711 | D:3      | Reached XP level 4. HP: 20/24 MP: 3/8
  2987 | D:3      | Found a hazy altar of Hepliaklqana.
  3258 | D:4      | Reached skill level 5 in Earth Magic
  3343 | D:4      | You fall into a shaft and drop 2 floors!
  3347 | D:5      | Entered Level 5 of the Dungeon
  3347 | D:5      | Noticed an ice beast
  3356 | D:5      | Noticed a black bear
  3363 | D:5      | Noticed a scorpion
  3385 | D:5      | Slain by a scorpion

Illustrated notes

Levels and vault maps discovered:
D:1:      dpeg_arrival_signposts, layout_basic,
          dilly_ecumenical_altar_fadedgnrine, minmay_pentomino_z2
D:2:      layout_rooms
D:3:      layout_loops_corners, nicolae_hepliaklqana_hippocampus
D:4:      layout_cave_pools, portal_sewer_entry_b, uniq_grinder
D:5:      layout_basic, mainiacjoe_overflow_divided_tiny
D:6:      layout_basic, mainiacjoe_overflow_catwalk_spiral,
          minmay_temple_entry_gardened_gates

Skill      XL: |  1  2  3  4 |
---------------+-------------+-----
Earth Magic    | 4 5 |  5.0
Spellcasting   | 3 |  3.2
Dodging        | |  1.5
Stealth        | |  2.1
Transmutations | |  0.7

Action                   |  1- 3 |  4- 6 || total
-------------------------+-------+-------++-------
Melee: Unarmed           |    31 |       ||    31
 Cast: Sandblast         |    63 |    14 ||    77
Armor: Robe              |    30 |    15 ||    45
Dodge: Dodged            |    49 |    44 ||    93
